[Event "Szczawno Festival IM 2018"]
[Site "Szczawno"]
[Date "2018.12.15"]
[Round "2"]
[White "Gritsak, Orest"]
[Black "Delorme, Axel"]
[Result "1/2-1/2"]
[ECO "D58"]
[WhiteElo "2467"]
[BlackElo "2510"]
[Annotator "ChessBase"]
[PlyCount "23"]
[EventDate "2018.12.14"]
[EventType "tourn"]
[EventCountry "POL"]
[SourceTitle "playchess.com"]
[Source "ChessBase"]
[SourceQuality "1"]
[TimeControl "40/5400+30:900+30"]

1. d4 Nf6 2. c4 e6 3. Nc3 d5 4. Bg5 Be7 5. e3 O-O 6. Nf3 h6 7. Bh4 b6 8. Be2 Bb7 9. Bxf6 Bxf6 10. cxd5 exd5 11. b4 c6 12. O-O 1/2-1/2

[Event "Szczawno Festival IM 2018"]
[Site "Szczawno"]
[Date "2018.12.15"]
[Round "2"]
[White "Karpus, Michal"]
[Black "Fus, Jakub"]
[Result "1/2-1/2"]
[ECO "C91"]
[WhiteElo "2355"]
[BlackElo "2265"]
[Annotator "NA"]
[PlyCount "69"]
[EventDate "2018.12.14"]
[EventType "tourn"]
[EventCountry "POL"]
[SourceTitle "playchess.com"]
[Source "ChessBase"]
[SourceQuality "1"]
[TimeControl "40/5400+30:900+30"]

1. e4 e5 2. Nf3 Nc6 3. Bb5 a6 4. Ba4 Nf6 5. O-O Be7 6. Re1 b5 7. Bb3 O-O 8. d4 d6 9. c3 Bg4 10. Be3 Bh5 11. h3 {[%emt 0:01:34] C91: Closed Ruy Lopez: 7...d6 8 c3 0-0 9 d4} exd4 (11... a5 12. a4 exd4 13. Bxd4 b4 14. Nbd2 Rb8 15. Rc1 Nd7 16. Qc2 bxc3 17. bxc3 Nce5 18. Nxe5 dxe5 {½-½ (33) Grandelius,N (2651)-Morozevich,A (2665) Malmo 2018}) 12. cxd4 Na5 13. Bc2 Nc4 {[%emt 0:00:29] LiveBook: 41 Games} 14. Bc1 d5 15. e5 Ne4 16. a4 c5 $146 ({Predecessor:} 16... f5 17. Qd3 c6 18. b3 Nb6 19. axb5 axb5 20. Rxa8 Nxa8 {0-1 (51) Ocampo,R-Hase,J Mar del Plata 1968}) 17. b3 {[%emt 0:06:00] [#]} (17. Nc3 $11 Nxc3 18. bxc3) 17... Na5 $1 18. dxc5 Bxc5 19. Be3 Bb4 20. Rf1 Rc8 21. axb5 axb5 22. Bd3 d4 23. Bxd4 {[%emt 0:06:05] [#]} Bxf3 $2 (23... Ng5 $1 $19 24. Be3 Nxf3+ 25. gxf3 Qh4) 24. Qxf3 Qxd4 25. Qxe4 Qxe4 26. Bxe4 Nxb3 27. Ra2 Nd4 28. f4 Rfd8 29. Kh1 Bf8 30. Nd2 Ne2 31. Rf3 Nc3 ({Black should play} 31... Bb4 $17 32. Nf1 Nd4) 32. Rc2 Nxe4 33. Rxc8 Rxc8 ({Of course not} 33... Rxd2 $6 34. Ra3 $16) 34. Nxe4 Rc4 35. Nd2 $11 1/2-1/2

[Event "Szczawno Festival IM 2018"]
[Site "Szczawno"]
[Date "2018.12.15"]
[Round "2"]
[White "Krzywda, Andrzej"]
[Black "Chylewski, Patryk"]
[Result "0-1"]
[ECO "D30"]
[WhiteElo "2178"]
[BlackElo "2268"]
[Annotator "NA"]
[PlyCount "114"]
[EventDate "2018.12.14"]
[EventType "tourn"]
[EventCountry "POL"]
[SourceTitle "playchess.com"]
[Source "ChessBase"]
[SourceQuality "1"]
[TimeControl "40/5400+30:900+30"]

1. d4 d5 2. c4 e6 3. Nf3 Nf6 4. g3 Bb4+ {[%emt 0:00:15] LiveBook: 4993 Games} 5. Nbd2 dxc4 6. Bg2 b5 {[%emt 0:07:27] E04: Open Catalan: 5 Nf3} 7. O-O O-O 8. a4 c6 9. Ne1 Nd5 10. Nc2 (10. e4 Nb6 11. a5 N6d7 12. e5 Bb7 13. Ne4 Na6 14. Bg5 {½-½ (44) Wang,H (2709)-Ding,L (2777) Huaian 2017}) 10... Be7 11. e4 Nf6 12. g4 Bb7 $146 ({Predecessor:} 12... a5 13. g5 Ne8 14. e5 {1-0 (32) Percze,J (2543)-Schueppen,H (2422) ICCF email 2012}) 13. g5 Nfd7 14. e5 a6 15. Ne4 Nb6 16. Qh5 N8d7 17. Ne3 Nd5 18. Ng4 Kh8 $1 19. f4 Qe8 20. Qh4 Rg8 21. f5 exf5 22. Rxf5 Nf8 23. Rf3 b4 24. Bd2 Bc8 25. Raf1 Be6 26. Kh1 Qd7 27. Ne3 Ng6 28. Qg3 Nxe3 29. Bxe3 Rab8 30. h4 Bf8 31. h5 Ne7 32. Nd6 Nd5 33. Rxf7 Qd8 34. R7f2 Bxd6 35. exd6 Nxe3 36. Qxe3 $17 Qxd6 37. Kg1 Bd5 38. Qe5 Qxe5 39. dxe5 Rbe8 40. Re1 Re7 41. Rf4 Rge8 42. Bf1 Kg8 43. Bxc4 Bxc4 44. Rxc4 Rxe5 45. Rxe5 Rxe5 46. Rg4 c5 47. Kf2 Kf7 48. Kf3 Ke6 49. b3 Kd5 50. a5 Re1 51. g6 h6 52. Kg2 Re4 53. Rg3 c4 54. bxc4+ Kxc4 55. Kf3 Re5 56. Kf4 Rxh5 57. Ke4 Rg5 {[%emt 0:00:30] Kd4+} 0-1

[Event "Szczawno Festival IM 2018"]
[Site "Szczawno"]
[Date "2018.12.15"]
[Round "2"]
[White "Tejaswini, Sagar"]
[Black "Sliwicka, Alicja"]
[Result "1/2-1/2"]
[ECO "C96"]
[WhiteElo "2177"]
[BlackElo "2236"]
[Annotator "NA"]
[PlyCount "70"]
[EventDate "2018.12.14"]
[EventType "tourn"]
[EventCountry "POL"]
[SourceTitle "playchess.com"]
[Source "ChessBase"]
[SourceQuality "1"]
[TimeControl "40/5400+30:900+30"]

1. e4 e5 2. Nf3 Nc6 3. Bb5 a6 4. Ba4 Nf6 5. O-O Be7 6. Re1 b5 7. Bb3 d6 8. c3 O-O 9. h3 Na5 10. Bc2 c5 11. d4 {[%emt 0:00:15] LiveBook: 6682 Games} Nd7 12. Nbd2 exd4 13. cxd4 Nc6 14. d5 Nce5 15. Nxe5 {[%emt 0:00:12] C96: Closed Ruy Lopez: Chigorin Defence: 11 d4, replies other than 11...Qc7} (15. a4 Bb7 16. Nxe5 Nxe5 17. f4 Ng6 18. Nf3 Re8 19. axb5 axb5 20. Rxa8 Qxa8 21. b3 Bd8 22. f5 Nf8 {1-0 (54) Shirov,A (2630)-Howell,D (2701) Douglas 2017}) 15... Nxe5 16. a4 Rb8 17. f4 Ng6 18. Nf3 f5 19. exf5 Bxf5 20. Bxf5 Rxf5 21. g4 $146 ({Predecessor:} 21. axb5 axb5 22. g4 Rf7 {1-0 (68) Christiansen,J (2498)-Spalir,J (2363) Budapest 2018}) 21... Rxf4 22. Bxf4 Nxf4 23. Qd2 Nxh3+ 24. Kg2 Ng5 25. axb5 Nxf3 26. Kxf3 Rxb5 27. Qe2 Bf8 28. Qe6+ Kh8 29. Qf7 Rb8 30. Re3 Qh4 31. b3 Qh3+ 32. Kf2 Qh2+ 33. Kf3 Qh3+ 34. Kf2 Qh2+ 35. Kf3 Qh3+ $11 1/2-1/2

[Event "Szczawno Festival IM 2018"]
[Site "Szczawno"]
[Date "2018.12.16"]
[Round "3"]
[White "Sergeev, Vladimir"]
[Black "Tejaswini, Sagar"]
[Result "1-0"]
[ECO "A05"]
[WhiteElo "2402"]
[BlackElo "2177"]
[Annotator "NA"]
[PlyCount "121"]
[EventDate "2018.12.14"]
[EventType "tourn"]
[EventCountry "POL"]
[SourceTitle "playchess.com"]
[Source "ChessBase"]
[SourceQuality "1"]
[TimeControl "40/5400+30:900+30"]

1. Nf3 Nf6 2. e3 g6 3. b4 Bg7 4. Bb2 O-O 5. c4 d5 6. cxd5 {[%emt 0:00:36] A15: English Opening: 1...Nf6} Nxd5 (6... Qxd5 7. Nc3 Qd8 8. Be2 Nbd7 9. O-O e5 10. d3 c6 11. a4 b6 12. Qb3 Re8 13. Rfd1 Qe7 {1-0 (41) Kurajica,B (2529)-Firat,B (2487) Izmir 2016}) 7. Bxg7 Kxg7 8. Qb3 e6 9. Be2 $146 ({Predecessor:} 9. d4 c6 10. Nc3 Qb6 11. Nxd5 cxd5 12. a4 Nc6 13. Bb5 Nxb4 14. Qxb4 a6 15. Kd2 axb5 16. a5 Qa6 17. Rhc1 f6 18. Rc7+ Rf7 19. Re7 Bd7 20. Rc1 Qxa5 {1-0 (20) Dickson,I (1910)-Mendege,A (1861) Budapest 2006}) 9... Nd7 10. Nc3 N7f6 11. O-O Re8 12. d4 Nxc3 13. Qxc3 Nd5 14. Qb2 g5 15. Rac1 f6 16. Rfd1 Bd7 17. Rd2 a6 18. Rdc2 Ba4 19. Rc5 b6 20. R5c4 Bb5 21. R4c2 Bxe2 22. Rxe2 g4 23. Ne1 h5 24. Nd3 h4 25. e4 Ne7 26. Nf4 Ng6 27. Qd2 Rc8 28. Nxg6 Kxg6 29. Qf4 Qxd4 30. Qxg4+ Kf7 31. Qh5+ Kg7 32. Qxh4 Qxb4 $2 (32... Qe5 33. f4 Qd4+ 34. Kh1 Rh8 35. Qg3+ Kf8) 33. Re3 Rh8 34. Qg4+ Kf7 35. Rg3 Rhf8 36. Rd3 $18 (36. Qh5+ $142 Ke7 37. Rg7+ Kd8 38. Rd1+ Qd6 39. e5 {[%mdl 64] Pin} Rg8 40. Rxg8+ Kd7 41. exd6) 36... Qb5 37. Rcd1 Rce8 38. h3 Re7 39. f4 Rg8 40. Qh4 Qc5+ 41. Kh2 a5 42. a4 b5 43. Rd8 Rg6 44. Kh1 Qc2 45. Qh7+ Rg7 46. Qh5+ Rg6 47. Qf3 f5 48. exf5 Qxf5 49. Qa8 Kg7 50. axb5 Qxf4 51. Rg8+ Kh6 52. Rh8+ Rh7 53. Rf8 Qg3 54. Rdf1 a4 55. R8f6 Rhg7 56. Qh8+ Kg5 57. R6f4 Qxf4 58. Qd8+ Qf6 59. h4+ Kh5 60. Rxf6 Rxg2 61. Qh8+ 1-0

[Event "Szczawno Festival IM 2018"]
[Site "Szczawno"]
[Date "2018.12.16"]
[Round "3"]
[White "Pacan-Milej, Kosma"]
[Black "Simantsev, Mikhail"]
[Result "1/2-1/2"]
[ECO "E15"]
[WhiteElo "2334"]
[BlackElo "2404"]
[Annotator "ChessBase"]
[PlyCount "60"]
[EventDate "2018.12.14"]
[EventType "tourn"]
[EventCountry "POL"]
[SourceTitle "playchess.com"]
[Source "ChessBase"]
[SourceQuality "1"]
[TimeControl "40/5400+30:900+30"]

1. d4 Nf6 2. c4 e6 3. Nf3 b6 4. g3 Ba6 5. b3 Bb4+ 6. Bd2 Be7 7. Nc3 d5 8. cxd5 exd5 9. Bg2 O-O 10. O-O Nbd7 11. Ne5 Bb7 12. Bf4 Re8 13. Rc1 Nf8 14. Nb5 c5 15. dxc5 bxc5 16. Nc4 Ne6 17. Be5 Ng4 18. Nbd6 dxc4 19. Bxb7 Nxe5 20. Nxe8 Qxd1 21. Rfxd1 Rxe8 22. bxc4 g5 23. Bd5 Nd4 24. Kf1 Bd8 25. e3 Ne6 26. Bxe6 fxe6 27. f4 Ng4 28. Ke2 Nf6 29. fxg5 Ne4 30. Rd7 Bb6 1/2-1/2

[Event "Szczawno Festival IM 2018"]
[Site "Szczawno"]
[Date "2018.12.16"]
[Round "3"]
[White "Fus, Jakub"]
[Black "Krzywda, Andrzej"]
[Result "0-1"]
[ECO "B10"]
[WhiteElo "2265"]
[BlackElo "2178"]
[Annotator "NA"]
[PlyCount "230"]
[EventDate "2018.12.14"]
[EventType "tourn"]
[EventCountry "POL"]
[SourceTitle "playchess.com"]
[Source "ChessBase"]
[SourceQuality "1"]
[TimeControl "40/5400+30:900+30"]

1. e4 c6 2. Nc3 d5 3. Nf3 Nf6 4. e5 Ne4 5. Ne2 Bg4 6. d3 Nc5 7. Ng3 e6 8. d4 Ncd7 9. c3 c5 10. Qb3 Nc6 11. Qxb7 Na5 12. Qa6 Bxf3 13. gxf3 cxd4 14. Bb5 dxc3 15. O-O Qb6 16. Qxb6 axb6 17. bxc3 Bc5 18. Be3 Ke7 19. Bg5+ f6 20. exf6+ gxf6 21. Be3 Ne5 22. f4 Nec4 23. Bxc5+ bxc5 24. Rfe1 Nd6 25. Bf1 f5 26. f3 Kf6 27. Kf2 Rhb8 28. Re2 Nac4 29. Rae1 Rb2 30. Kg1 Rxe2 31. Rxe2 Ra3 32. Nh5+ Kg6 33. Ng3 Kf7 34. Rc2 Ne3 35. Rc1 Rxa2 36. Be2 Nec4 37. Kf1 Rb2 38. Ke1 Nd2 39. Bd1 Nb3 40. Rc2 Rxc2 41. Bxc2 Na5 42. Bd3 Nac4 43. Nf1 Kf6 44. Ke2 Na5 45. Nd2 c4 46. Bc2 Nb5 47. Nb1 d4 48. Ba4 Nxc3+ 49. Nxc3 dxc3 50. Kd1 Nb3 51. Kc2 Nd4+ 52. Kxc3 Nxf3 53. Kxc4 Nxh2 54. Kd3 Ng4 55. Ke2 Ke7 56. Kf3 Nf6 57. Bb5 Kd6 58. Ba6 Nd5 59. Be2 Kc5 60. Ba6 Ne7 61. Be2 Kd4 62. Bb5 Kd5 63. Be8 Kd6 64. Bf7 Nd5 65. Be8 Nf6 66. Ba4 Ne4 67. Be8 Nc5 68. Ke3 Ke7 69. Bh5 Kf6 70. Kf2 Ne4+ 71. Kf3 e5 72. fxe5+ Kxe5 73. Be8 Kf6 74. Kf4 Nc5 75. Bc6 Ne6+ 76. Kg3 Kg5 77. Ba8 h5 78. Bb7 h4+ 79. Kg2 Nf4+ 80. Kf3 Nd3 81. Kg2 Nc5 82. Bc6 Kg4 83. Bf3+ Kf4 84. Bc6 Ne4 85. Kh3 Kg5 86. Bd5 Nf2+ 87. Kg2 Ng4 88. Bc6 Nf6 89. Kh3 Nh5 90. Kg2 Nf4+ 91. Kf3 Nd3 92. Kg2 Ne5 93. Bb5 Ng4 94. Bc6 Nf6 95. Kh3 Nh5 96. Kg2 Nf4+ 97. Kf3 Ne6 98. Bb7 Nd4+ 99. Ke3 Nc2+ 100. Kf3 Nb4 101. Kg2 Kg4 102. Bf3+ Kf4 103. Bb7 Nd3 104. Kh3 Nc5 105. Bd5 Kg5 106. Bc6 Nd3 107. Kg2 Nf4+ 108. Kf3 Ne6 109. Kg2 Kg4 110. Bf3+ Kf4 111. Bd5 Ng5 112. Kf2 h3 113. Bc6 Ne4+ 114. Kg1 Kg3 115. Kh1 Nf2+ 0-1

[Event "Szczawno Festival IM 2018"]
[Site "Szczawno"]
[Date "2018.12.16"]
[Round "3"]
[White "Sliwicka, Alicja"]
[Black "Karpus, Michal"]
[Result "1-0"]
[ECO "C47"]
[WhiteElo "2236"]
[BlackElo "2355"]
[Annotator "NA"]
[PlyCount "59"]
[EventDate "2018.12.14"]
[EventType "tourn"]
[EventCountry "POL"]
[SourceTitle "playchess.com"]
[Source "ChessBase"]
[SourceQuality "1"]
[TimeControl "40/5400+30:900+30"]

1. e4 e5 2. Nf3 Nc6 3. Nc3 Nf6 4. d4 exd4 5. Nxd4 Bb4 6. Nxc6 bxc6 7. Bd3 d5 8. exd5 cxd5 9. O-O O-O 10. Bg5 c6 11. Qf3 Bd6 12. Rae1 Rb8 13. Nd1 Be6 14. b3 h6 15. Bxf6 Qxf6 16. Qxf6 gxf6 17. Ne3 a5 $14 18. Nf5 Bxf5 19. Bxf5 a4 20. Re3 Ra8 21. Rd1 axb3 22. axb3 Rfd8 23. Kf1 Be5 24. Rh3 Kg7 25. Rh4 Ra2 26. Rg4+ Kf8 27. Bh7 Rda8 28. Re1 Ra1 29. Rg8+ Ke7 30. Rxa8 1-0

[Event "Szczawno Festival IM 2018"]
[Site "Szczawno"]
[Date "2018.12.17"]
[Round "4"]
[White "Kislinsky, Alexey"]
[Black "Fus, Jakub"]
[Result "1/2-1/2"]
[ECO "C30"]
[WhiteElo "2425"]
[BlackElo "2265"]
[Annotator "NA RC"]
[PlyCount "148"]
[EventDate "2018.12.14"]
[EventType "tourn"]
[EventCountry "POL"]
[SourceTitle "playchess.com"]
[Source "ChessBase"]
[SourceQuality "1"]
[TimeControl "40/5400+30:900+30"]

1. e4 e5 2. f4 Bc5 3. Nc3 d6 4. Nf3 Nc6 5. Bb5 Bg4 {[%emt 0:08:24] LiveBook: 7 Games} 6. Na4 Bb6 7. Nxb6 axb6 8. O-O Nf6 9. d3 O-O 10. Bxc6 bxc6 11. Qe1 $11 exf4 12. Bxf4 Nd7 13. Qg3 Bxf3 14. Rxf3 f6 15. a3 Ne5 16. Rf2 Qe7 17. Raf1 Rf7 18. Bd2 c5 19. Rf5 Qe6 20. Qh4 Raf8 21. h3 Ng6 22. Qg3 Ne7 23. R5f2 Qe5 24. Qxe5 fxe5 25. Rxf7 Rxf7 26. Ra1 Nc6 27. c3 Rf8 28. b4 cxb4 29. axb4 Rc8 30. Kf2 Kf7 31. b5 Na5 32. Ra3 Ke6 33. Ke2 Kd7 34. Be3 Rf8 35. Ra1 Rf7 36. g4 Rf8 37. h4 Nb3 38. Ra7 Nc5 39. h5 Re8 40. Ra1 Rf8 41. g5 Ne6 42. h6 g6 43. Ra7 Nc5 44. Kd2 Re8 45. Kc2 Rf8 46. Bxc5 dxc5 47. Kb3 Kd6 48. Kc4 Re8 49. Ra1 Rf8 50. Ra2 Ke6 51. d4 cxd4 52. cxd4 Rf4 53. Kd3 Rf3+ 54. Ke2 Rg3 55. Ra7 Kd7 56. Ra8 Rxg5 57. Rh8 exd4 58. Rxh7+ Kd6 59. Rg7 Rh5 60. h7 Rh3 61. Rxg6+ Ke5 62. Rg7 Kxe4 63. Re7+ Kd5 64. Rxc7 Ke4 65. Kf2 Kd3 66. Kg2 Rh6 67. Kf3 Kd2 68. Ke4 d3 69. Kf3 Kd1 70. Ke3 d2 71. Kf2 Rf6+ 72. Kg2 Rg6+ 73. Kf2 Rf6+ 74. Kg2 Rg6+ 1/2-1/2

[Event "Szczawno Festival IM 2018"]
[Site "Szczawno"]
[Date "2018.12.17"]
[Round "4"]
[White "Simantsev, Mikhail"]
[Black "Chylewski, Patryk"]
[Result "1/2-1/2"]
[ECO "E10"]
[WhiteElo "2404"]
[BlackElo "2268"]
[Annotator "NA"]
[PlyCount "126"]
[EventDate "2018.12.14"]
[EventType "tourn"]
[EventCountry "POL"]
[SourceTitle "playchess.com"]
[Source "ChessBase"]
[SourceQuality "1"]
[TimeControl "40/5400+30:900+30"]

1. d4 Nf6 2. c4 e6 3. Nf3 a6 4. Nc3 d5 5. cxd5 exd5 6. Bg5 Be6 7. e3 Nbd7 8. Bd3 Bd6 9. h3 {[%emt 0:02:53] LiveBook: 20 Games} c6 10. O-O Qc7 11. Qd2 O-O $14 12. a3 h6 13. Bf4 c5 14. Bxd6 Qxd6 15. dxc5 Nxc5 16. Bc2 Rfd8 17. Rfd1 Qb6 18. Na4 Nxa4 19. Bxa4 Ne4 20. Qd4 Qxd4 21. Nxd4 Rac8 22. Rac1 Rxc1 23. Rxc1 Rc8 24. Rd1 Nc5 25. Bc2 Kf8 26. Kf1 Ke7 27. Ke2 Nd7 28. Bb3 Nc5 29. Ba2 Na4 30. Rb1 Rc7 31. Bb3 Nb6 32. Kd2 Rc8 33. h4 Rc7 34. f3 Nc4+ 35. Bxc4 Rxc4 36. Rc1 Rxc1 37. Kxc1 Kd6 38. Kd2 Bd7 39. Kc3 Ke5 40. Kd3 b6 41. f4+ Kd6 42. Nb3 g6 43. Kd4 h5 44. Nc1 Bb5 45. Na2 Bf1 46. g3 Ke6 47. Nb4 Kf5 48. Nc6 Kg4 49. Ne5+ Kxg3 50. Nxf7 Kxh4 51. Ne5 Kg3 52. Nxg6 h4 53. Nxh4 Kxh4 54. Kxd5 Kh5 55. Kc6 b5 56. b4 Kg4 57. Kb6 Kf3 58. f5 Kxe3 59. f6 Bc4 60. Kxa6 Kd4 61. Kb6 Kc3 62. Kc5 Kb3 63. f7 Bxf7 1/2-1/2

[Event "Szczawno Festival IM 2018"]
[Site "Szczawno"]
[Date "2018.12.17"]
[Round "4"]
[White "Sergeev, Vladimir"]
[Black "Pacan-Milej, Kosma"]
[Result "1/2-1/2"]
[ECO "A00"]
[WhiteElo "2402"]
[BlackElo "2334"]
[Annotator "NA"]
[PlyCount "73"]
[EventDate "2018.12.14"]
[EventType "tourn"]
[EventCountry "POL"]
[SourceTitle "playchess.com"]
[Source "ChessBase"]
[SourceQuality "1"]
[TimeControl "40/5400+30:900+30"]

1. g3 d5 2. Bg2 e5 3. d3 c6 4. Nf3 Bd6 5. O-O Ne7 6. e4 O-O 7. Nc3 {[%emt 0:01:55] LiveBook: 11 Games} d4 8. Ne2 c5 9. Nd2 Nbc6 10. c4 Nb4 $15 11. Nf3 f6 12. Ne1 Be6 13. f4 Rb8 14. f5 Bf7 15. g4 b5 16. b3 bxc4 17. dxc4 Bc7 18. Rf3 Nc8 19. Nd3 Nxd3 20. Qxd3 Nd6 21. Rg3 h6 22. h4 Re8 23. g5 hxg5 24. hxg5 Kf8 25. Rh3 Bg8 26. Bf3 Ke7 27. Ng3 Kd7 28. Bh5 Re7 29. Bg6 Kc6 30. Nh5 Rd7 31. gxf6 gxf6 32. Bh6 Nf7 33. Bg7 Rd6 34. Rd1 Rb6 35. Rg3 Kb7 36. Kf2 Qe7 37. Rdg1 1/2-1/2

[Event "Szczawno Festival IM 2018"]
[Site "Szczawno"]
[Date "2018.12.17"]
[Round "4"]
[White "Krzywda, Andrzej"]
[Black "Sliwicka, Alicja"]
[Result "0-1"]
[ECO "A53"]
[WhiteElo "2178"]
[BlackElo "2236"]
[Annotator "NA"]
[PlyCount "66"]
[EventDate "2018.12.14"]
[EventType "tourn"]
[EventCountry "POL"]
[SourceTitle "playchess.com"]
[Source "ChessBase"]
[SourceQuality "1"]
[TimeControl "40/5400+30:900+30"]

1. d4 Nf6 2. c4 d6 3. Nf3 Nbd7 4. g3 e5 5. Nc3 Be7 6. Bg2 O-O 7. O-O c6 8. Qc2 Qc7 9. Rd1 Re8 10. b3 Bf8 $14 {[%emt 0:05:37] LiveBook: 40 Games} 11. Bb2 e4 12. Ne1 d5 13. cxd5 cxd5 14. Nb5 Qxc2 15. Nxc2 Rd8 16. Ne3 Nb6 17. a4 Bd7 18. Nc3 Bc6 19. a5 Nc8 20. a6 Rb8 21. f3 bxa6 22. fxe4 dxe4 23. d5 Ba8 24. Nxe4 Nxe4 25. Bxe4 Re8 26. d6 Rxe4 27. d7 Nd6 28. Nf5 Rxe2 29. Nxd6 Rxb2 30. Rac1 Rd8 31. Nf5 Bb7 32. Ne7+ Bxe7 33. Rc8 Bxc8 0-1

[Event "Szczawno Festival IM 2018"]
[Site "Szczawno"]
[Date "2018.12.17"]
[Round "4"]
[White "Tejaswini, Sagar"]
[Black "Karpus, Michal"]
[Result "0-1"]
[ECO "C92"]
[WhiteElo "2177"]
[BlackElo "2355"]
[Annotator "NA"]
[PlyCount "100"]
[EventDate "2018.12.14"]
[EventType "tourn"]
[EventCountry "POL"]
[SourceTitle "playchess.com"]
[Source "ChessBase"]
[SourceQuality "1"]
[TimeControl "40/5400+30:900+30"]

1. e4 e5 2. Nf3 Nc6 3. Bb5 a6 4. Ba4 Nf6 5. O-O Be7 6. Re1 b5 7. Bb3 d6 8. c3 O-O 9. h3 Nd7 10. d4 Bf6 11. Bc2 Bb7 12. a3 Nb6 13. b3 Re8 14. Bb2 Qd7 15. Nbd2 Rad8 $14 16. Nf1 d5 17. exd5 Qxd5 18. dxe5 Nxe5 19. Qxd5 Nxd5 20. Nxe5 Bxe5 21. Be4 Bf6 22. Rad1 Kf8 23. Bf3 Rxe1 24. Rxe1 Bc8 25. Rd1 Be6 26. Ba1 Nf4 27. Rxd8+ Bxd8 28. Nd2 Bf6 29. b4 Bd5 30. Bxd5 Nxd5 31. Ne4 Ke7 32. Nxf6 Nxf6 33. Kf1 Ke6 34. Ke2 Kd5 35. Kd3 Nd7 36. f4 f5 37. Bb2 Nb6 38. Bc1 Nc4 39. g4 g6 40. g5 c6 41. h4 c5 42. Be3 cxb4 43. axb4 Nb2+ 44. Kc2 Ke4 45. Bb6 Nd3 46. Kb3 Nxf4 47. c4 Ne6 48. c5 Nd4+ 49. Kc3 Nc6 50. Bc7 Ke3 {[%emt 0:00:10] Kd4+} 0-1

[Event "Szczawno Festival IM 2018"]
[Site "Szczawno"]
[Date "2018.12.18"]
[Round "5"]
[White "Karpus, Michal"]
[Black "Krzywda, Andrzej"]
[Result "1-0"]
[ECO "B17"]
[WhiteElo "2355"]
[BlackElo "2178"]
[Annotator "NA"]
[PlyCount "78"]
[EventDate "2018.12.14"]
[EventType "tourn"]
[EventCountry "POL"]
[SourceTitle "playchess.com"]
[Source "ChessBase"]
[SourceQuality "1"]
[TimeControl "40/5400+30:900+30"]

1. e4 c6 2. d4 d5 3. Nc3 dxe4 4. Nxe4 Nd7 5. Ng5 Ngf6 6. Bd3 e6 7. Qe2 Bd6 8. N1f3 h6 9. Ne4 Nxe4 10. Qxe4 Qc7 11. O-O b6 12. Qg4 Kf8 13. Re1 Bb7 14. b3 Rd8 15. Bb2 Nf6 {[%emt 0:00:38] LiveBook: 5 Games} 16. Qh4 $11 Nd5 17. Ne5 Qe7 18. Qg3 h5 19. c4 Nb4 20. Be4 h4 21. Qf3 Qf6 22. Qc3 h3 23. g3 Bxe5 24. dxe5 Qe7 25. Qf3 Qc7 26. a3 Na6 27. b4 Bc8 28. Bxc6 Nb8 29. Be4 Nd7 30. Rad1 Ke7 31. Qf4 Rdg8 32. Qg5+ Kf8 33. Rd6 f6 34. exf6 Nxf6 35. Qf4 Kf7 36. Bd5 Qe7 37. Rdxe6 Bxe6 38. Rxe6 Qxe6 39. Qc7+ Kg6 1-0

[Event "Szczawno Festival IM 2018"]
[Site "Szczawno"]
[Date "2018.12.18"]
[Round "5"]
[White "Pacan-Milej, Kosma"]
[Black "Tejaswini, Sagar"]
[Result "1/2-1/2"]
[ECO "D70"]
[WhiteElo "2334"]
[BlackElo "2177"]
[Annotator "NA"]
[PlyCount "57"]
[EventDate "2018.12.14"]
[EventType "tourn"]
[EventCountry "POL"]
[SourceTitle "playchess.com"]
[Source "ChessBase"]
[SourceQuality "1"]
[TimeControl "40/5400+30:900+30"]

1. d4 Nf6 2. c4 g6 3. f3 d5 4. cxd5 Nxd5 5. e4 Nb6 6. Nc3 Bg7 7. Be3 O-O 8. Qd2 Nc6 9. O-O-O Qd6 10. Kb1 Rd8 11. Nb5 Qd7 12. d5 a6 13. Nc3 $14 {[%emt 0:00:16] LiveBook: 66 Games} Na7 14. Bh6 Bh8 15. h4 Nb5 16. Nge2 Nc4 17. Qc1 Qd6 18. a4 Nxc3+ 19. Nxc3 Qb4 20. Bxc4 Qxc4 21. h5 b5 22. hxg6 fxg6 23. a5 Bxc3 24. Qxc3 Qxc3 25. bxc3 e6 26. Bf4 exd5 27. exd5 Rd7 28. Rhe1 Bb7 29. d6 1/2-1/2

[Event "Szczawno Festival IM 2018"]
[Site "Szczawno"]
[Date "2018.12.18"]
[Round "5"]
[White "Chylewski, Patryk"]
[Black "Sergeev, Vladimir"]
[Result "1/2-1/2"]
[ECO "E91"]
[WhiteElo "2268"]
[BlackElo "2402"]
[Annotator "ChessBase"]
[PlyCount "229"]
[EventDate "2018.12.14"]
[EventType "tourn"]
[EventCountry "POL"]
[SourceTitle "playchess.com"]
[Source "ChessBase"]
[SourceQuality "1"]
[TimeControl "40/5400+30:900+30"]

1. d4 d6 2. Nf3 g6 3. c4 Bg7 4. Nc3 Nf6 5. e4 O-O 6. Be2 Na6 7. O-O e5 8. dxe5 dxe5 9. Be3 Ng4 10. Qxd8 Rxd8 11. Rad1 Re8 12. Bc1 c6 13. a3 Nc5 14. b4 Nb3 15. h3 Nxc1 16. Rxc1 Nf6 17. c5 Nh5 18. Bc4 h6 19. Nd2 Nf4 20. Rfd1 b6 21. b5 Bb7 22. bxc6 Bxc6 23. Nb5 Bxb5 24. Bxb5 Rec8 25. cxb6 axb6 26. a4 Bf8 27. Kf1 Rxc1 28. Rxc1 Bc5 29. Nb3 Bb4 30. h4 Ra7 31. Rc6 Ba5 32. g3 Nh5 33. Ke2 Kg7 34. Kd3 Nf6 35. Nxa5 bxa5 36. Ra6 Rc7 37. Rxa5 Ng4 38. f4 Nf2+ 39. Ke3 Ng4+ 40. Kd3 Nf2+ 41. Ke3 Ng4+ 42. Ke2 Rc2+ 43. Kd3 Rg2 44. fxe5 Nxe5+ 45. Kd4 Nf3+ 46. Ke3 Nh2 47. Kf4 h5 48. Ra7 Ng4 49. e5 Kh6 50. a5 Rd2 51. a6 Rd4+ 52. Kf3 Nxe5+ 53. Ke2 Rb4 54. Rb7 Rb3 55. Ba4 Ra3 56. Rb4 Nc6 57. Bxc6 Rxa6 58. Bb7 Ra2+ 59. Kf3 Ra3+ 60. Kf4 f6 61. Rb6 Ra4+ 62. Kf3 Ra3+ 63. Kg2 Ra2+ 64. Kh3 Rf2 65. Bg2 Kg7 66. Kh2 Ra2 67. Rb7+ Kh6 68. Rb6 Kg7 69. Rb4 Kh6 70. Rf4 Kg7 71. Kg1 Ra1+ 72. Bf1 Ra2 73. Bc4 Rc2 74. Kf1 Rc3 75. Kf2 Rc2+ 76. Ke3 Rc3+ 77. Bd3 Rc7 78. Rf3 Re7+ 79. Kd4 Rd7+ 80. Ke4 Re7+ 81. Kd5 Re5+ 82. Kd6 Re1 83. Bc4 Rd1+ 84. Ke7 Re1+ 85. Kd6 Rd1+ 86. Bd5 Ra1 87. Bb3 Ra6+ 88. Kd5 Ra5+ 89. Ke4 Re5+ 90. Kd4 Re8 91. Rc3 Rd8+ 92. Ke4 Re8+ 93. Kf3 Re7 94. Bc2 Rd7 95. Rc4 Kh6 96. Rf4 Rd6 97. Ke3 Re6+ 98. Kf2 Rc6 99. Bd1 Rd6 100. Be2 Re6 101. Rb4 Re7 102. g4 hxg4 103. Rxg4 f5 104. Ra4 Re4 105. Rxe4 fxe4 106. Kg3 g5 107. h5 g4 108. Kxg4 e3 109. Kf5 Kg7 110. Kg5 Kh7 111. h6 Kh8 112. Kg6 Kg8 113. h7+ Kh8 114. Bc4 e2 115. Bxe2 1/2-1/2

[Event "Szczawno Festival IM 2018"]
[Site "Szczawno"]
[Date "2018.12.18"]
[Round "5"]
[White "Fus, Jakub"]
[Black "Simantsev, Mikhail"]
[Result "1-0"]
[ECO "E17"]
[WhiteElo "2265"]
[BlackElo "2404"]
[Annotator "ChessBase"]
[PlyCount "61"]
[EventDate "2018.12.14"]
[EventType "tourn"]
[EventCountry "POL"]
[SourceTitle "playchess.com"]
[Source "ChessBase"]
[SourceQuality "1"]
[TimeControl "40/5400+30:900+30"]

1. d4 Nf6 2. c4 e6 3. Nf3 b6 4. g3 Bb7 5. Bg2 Be7 6. O-O O-O 7. Re1 Qc8 8. Nc3 Ne4 9. Bd2 d6 10. d5 Nxd2 11. Nxd2 e5 12. e4 Nd7 13. Qc2 Bg5 14. b4 g6 15. h4 Bh6 16. Bh3 Qd8 17. Nb3 Bc8 18. a4 Nf6 19. Bg2 Ng4 20. c5 bxc5 21. bxc5 f5 22. exf5 Bxf5 23. Qe2 Rb8 24. Na5 Qd7 25. Ra2 Rbe8 26. Ne4 Rb8 27. Nc6 Rb3 28. Qc4 Rb7 29. a5 Bxe4 30. Qxe4 Qf5 31. Ne7+ 1-0